 Dungeon Crawl Stone Soup version 0.14.0-24-gfb45beb (webtiles) character file.

1172 Qrupt the Slasher (level 7, -3/48 HPs)
             Began as a Demonspawn Wanderer on Apr 22, 2014.
             Was an Initiate of Ashenzari.
             Slain by Prince Ribbit (9 damage)
             ... on Level 5 of the Dungeon.
             The game lasted 00:19:33 (6532 turns).

Qrupt the Slasher (Demonspawn Wanderer)             Turns: 6532, Time: 00:19:33

HP  -3/48        AC  4     Str 13      XL: 7   Next: 72%
MP   8/8         EV 13     Int 15      God: Ashenzari [......]
Gold 306         SH  0     Dex 12      Spells:  0 memorised,  6 levels left

rFire  . . .     SeeInvis .     G - +5,+8 hammer of the Shore {flame, Stlth++}
rCold  . . .     Clarity  .     y - +0 animal skin
rNeg   . . .     Conserve .     (no shield)
rPois  .         rCorr    .     (helmet restricted)
rElec  .         rRot     .     F - +0 cloak {MR+} (curse)
SustAb + .       Spirit   .     (no gloves)
rMut   .         Warding  .     (no boots)
Saprov . . .     Stasis   .     (no amulet)
MR     +....                    (no ring)
                                g - cursed ring of sustain abilities

@: somewhat resistant to hostile enchantments, very stealthy
A: horns 2, icy blue scales 1, demonic guardian 1, nightstalker 1
a: Renounce Religion


You were on level 5 of the Dungeon.
You worshipped Ashenzari.
Ashenzari was noncommittal.
You were not hungry.

You visited 2 branches of the dungeon, and saw 6 of its levels.

You collected 306 gold pieces.

Inventory:

Hand weapons
 c - a +0,+0 bow
 A - a +1,+1 falchion
 G - the cursed +5,+8 hammer of the Shore (weapon) {flame, Stlth++}
   (You found it on level 4 of the Dungeon)

   It emits flame when wielded, causing extra injury to most foes and up to
   double damage against particularly susceptible opponents.
   It makes you much more stealthy.
   It has a curse placed upon it.
Missiles
 e - 74 arrows
 o - 15 arrows of frost
Armour
 y - a +0 animal skin (worn)
 F - a cursed +0 cloak of magic resistance (worn)
Magical devices
 H - a wand of flame (0)
Comestibles
 f - 4 bread rations
 j - a choko
 z - a meat ration
 E - 2 pears
Scrolls
 a - a scroll of noise {unknown}
 b - a scroll of fear
 i - a scroll of random uselessness {unknown}
 m - 2 scrolls of teleportation
 n - a scroll of fog {unknown}
 q - a scroll of enchant weapon II {unknown}
 r - 3 scrolls of identify
 s - a scroll of blinking {unknown}
 t - a scroll of magic mapping {unknown}
 u - 3 scrolls of amnesia {unknown}
 v - 2 scrolls of remove curse
 B - a scroll of immolation {unknown}
 C - a scroll of enchant armour {unknown}
 D - a scroll of recharging {unknown}
Jewellery
 g - a cursed ring of sustain abilities (left hand)
Potions
 h - 3 potions of curing {unknown}
 k - a potion of heal wounds
 p - a potion of cure mutation {unknown}
 w - 2 potions of magic {unknown}
 I - a potion of berserk rage


   Skills:
 - Level 1.0 Fighting
 + Level 6.7 Long Blades
 - Level 1.7 Bows
 - Level 3.9 Armour
 - Level 3.0 Dodging
 - Level 1.0 Stealth
   Level 1.2 Invocations
 - Level 1.0 Evocations


You had 6 spell levels left.
You didn't know any spells.

Dungeon Overview and Level Annotations

Branches:
Dungeon (5/15)             Temple (1/1) D:5

Altars:
Ashenzari
Cheibriados
Dithmenos
Elyvilon
Fedhas
Kikubaaqudgha
Nemelex Xobeh
Okawaru
Sif Muna
Trog
Vehumet
Xom
Yredelemnul
Zin
The Shining One

Annotations:
D:5 Prince Ribbit


Innate Abilities, Weirdness & Mutations

You have a pair of horns on your head.
You are partially covered in icy blue scales (AC +1).
A weak demonic guardian rushes to your aid.
You are slightly more attuned to the shadows.


Message History

Aim: Prince Ribbit The puff of flame misses Prince Ribbit.
Prince Ribbit blinks!
Evoke which item? (* to show all) (? for menu, Esc to quit)
Zapping:
H - a wand of flame {zapped: 6}
Press: ? - help, Shift-Dir - straight line, f/p - Prince Ribbit
Aim: Prince Ribbit Prince Ribbit momentarily phases out as the puff of flame passes through him.
Prince Ribbit barely misses you.
Prince Ribbit momentarily phases out as your attack passes through him.
Your headbutt misses Prince Ribbit. Prince Ribbit misses you.
Prince Ribbit hits you!
Prince Ribbit momentarily phases out as your attack passes through him.
Prince Ribbit hits you.
Prince Ribbit momentarily phases out as your attack passes through him.
You headbutt Prince Ribbit.
Prince Ribbit is lightly wounded.
Prince Ribbit closely misses you. Prince Ribbit hits you!
* * * LOW HITPOINT WARNING * * *
You closely miss Prince Ribbit. Prince Ribbit hits you!
You die...

############
...........#
#...........###########
#.........>............
#............##########
............#
#########'#.#
#.#.@....#.####
#.#F###........#
#...[...........
#.#.####..#.##.#
#.........#...
###.###...#
#.#.........#
#.#.#...#.#.
....#.....#


You could see Prince Ribbit.

Vanquished Creatures
  Eustachio (D:4)
  An ogre (D:5)
  Sigmund (D:4)
  A scorpion (D:5)
  A crimson imp (D:5)
  2 hounds (D:4)
  Crazy Yiuf (D:4)
  2 orc wizards
  An iguana (D:4)
  A worker ant (D:4)
  Ijyb (D:5)
  Jessica (D:2)
  6 adders
  4 worms
  13 orcs
  2 ball pythons
  A bat zombie (D:5)
  3 giant cockroaches
  15 goblins
  13 hobgoblins
  4 jackals (D:2)
  8 kobolds
  2 quokkas
  11 bats
  2 giant geckos (D:1)
  5 giant newts
  A goblin skeleton (D:5)
  14 rats
118 creatures vanquished.

Vanquished Creatures (collateral kills)
  A phantom (D:5)
  An orc wizard (D:3)
  2 orcs (D:3)
  A bat (D:3)
  A goblin (D:3)
6 creatures vanquished.

Vanquished Creatures (others)
  3 quasits
  A crimson imp (D:2)
  An iron imp (D:3)
  3 white imps
8 creatures vanquished.

Grand Total: 132 creatures vanquished

Notes
Turn   | Place    | Note
--------------------------------------------------------------
     0 | D:1      | Qrupt, the Demonspawn Wanderer, began the quest for the Orb.
     0 | D:1      | Reached XP level 1. HP: 15/15 MP: 1/1
   150 | D:1      | Gained mutation: You have a pair of small horns on your head. [demonic ancestry]
   150 | D:1      | Reached XP level 2. HP: 21/21 MP: 2/2
   156 | D:1      | Reached skill level 3 in Armour
   915 | D:2      | Gained mutation: A weak demonic guardian rushes to your aid. [demonic ancestry]
   915 | D:2      | Reached XP level 3. HP: 26/26 MP: 3/3
  1038 | D:2      | Noticed Jessica
  1055 | D:2      | Killed Jessica
  1313 | D:2      | Gained mutation: You are slightly more attuned to the shadows. [demonic ancestry]
  1313 | D:2      | Reached XP level 4. HP: 28/32 MP: 4/4
  1606 | D:2      | Found a bloodstained altar of Trog.
  2879 | D:3      | Found a shimmering altar of Xom.
  2880 | D:3      | Found a shimmering altar of Xom.
  2897 | D:3      | Reached skill level 1 in Long Blades
  3162 | D:3      | Gained mutation: You have a pair of horns on your head. [demonic ancestry]
  3162 | D:3      | Reached XP level 5. HP: 20/37 MP: 5/5
  4284 | D:4      | Noticed Sigmund
  4298 | D:4      | Killed Sigmund
  4341 | D:4      | Gained mutation: You are partially covered in icy blue scales (AC +1). [demonic ancestry]
  4341 | D:4      | Reached XP level 6. HP: 41/43 MP: 7/7
  4609 | D:4      | Noticed Crazy Yiuf
  4623 | D:4      | Killed Crazy Yiuf
  4794 | D:4      | Got a faintly glowing hammer
  4795 | D:4      | Identified the +5,+8 hammer of the Shore {flame, Stlth++} (You found it on level 4 of the Dungeon)
  5027 | D:4      | Noticed Eustachio
  5042 | D:4      | Killed Eustachio
  5042 | D:4      | Reached skill level 4 in Long Blades
  5190 | D:4      | Reached skill level 5 in Long Blades
  5490 | D:4      | Reached XP level 7. HP: 46/48 MP: 8/8
  5812 | D:5      | Entered Level 5 of the Dungeon
  6019 | D:5      | Reached skill level 6 in Long Blades
  6077 | D:5      | Found a staircase to the Ecumenical Temple.
  6116 | Temple   | Entered the Ecumenical Temple
  6277 | Temple   | Became a worshipper of Ashenzari the Shackled
  6306 | D:5      | Noticed Ijyb
  6422 | D:5      | Killed Ijyb
  6516 | D:5      | Noticed Prince Ribbit
  6532 | D:5      | Slain by Prince Ribbit

Action                   |  1- 3 |  4- 6 |  7- 9 || total
-------------------------+-------+-------+-------++-------
Melee: Falchion          |       |   116 |       ||   116
       Hammer            |       |    38 |    75 ||   113
 Fire: Bow               |   124 |    75 |       ||   199
Evoke: Wand              |       |       |     2 ||     2
  Use: Potion            |       |     3 |       ||     3
       Scroll            |       |       |     5 ||     5
 Stab: Distracted        |       |     2 |       ||     2
       Sleeping          |       |     4 |     3 ||     7
